 Dungeon Crawl Stone Soup version 0.25-a0-317-g5f8687bca5 (webtiles) character file.

Game seed: 9420683064684648813, levelgen mode: classic

1183 Borgoz the Skirmisher (level 8, 0/52 HPs)
             Began as a Gargoyle Fighter on Dec 25, 2019.
             Slain by an ogre
             ... wielding a +0 giant spiked club
              (5 damage)
             ... on level 5 of the Dungeon.
             The game lasted 00:07:02 (4588 turns).

Borgoz the Skirmisher (Gargoyle Fighter)            Turns: 4588, Time: 00:07:03

Health: 0/52       AC: 18    Str: 21    XL:     8   Next: 42%
Magic:  8/8        EV:  5    Int:  8    God:
Gold:   191        SH: 10    Dex: 11    Spells: 7/7 levels left

rFire    . . .     SeeInvis .   a - +0 long sword
rCold    . . .     Gourm    .   c - +0 shield
rNeg     + . .     Faith    .   i - +0 plate armour
rPois    ∞         Spirit   .   (no helmet)
rElec    +         Reflect  .   (no cloak)
rCorr    .         Harm     .   (no gloves)
MR       .....                  (no boots)
Stlth    ..........             (no amulet)
HPRegen  0.17/turn              d - ring of attention (curse)
MPRegen  0.11/turn              (no ring)

@: no status effects
A: negative energy resistance 1, electricity resistance, unbreathing,
petrification resistance, rot immunity, AC +5
a: no special abilities


You were on level 5 of the Dungeon.
You were hungry.

You visited 1 branch of the dungeon, and saw 5 of its levels.
You also visited: Sewer.

You collected 191 gold pieces.

Inventory:

Hand Weapons
 a - a +0 long sword (weapon)
Armour
 c - a +0 shield (worn)
 i - a +0 plate armour (worn)
Jewellery
 d - a cursed ring of attention (left hand)
Scrolls
 e - a scroll of enchant armour {unknown}
 h - 3 scrolls of teleportation
 j - 3 scrolls of identify
 k - 2 scrolls of remove curse {unknown}
 p - a scroll of amnesia {unknown}
 s - a scroll of random uselessness {unknown}
 t - a scroll of immolation {unknown}
Potions
 b - 3 potions of agility
 g - a potion of haste
 l - a potion of berserk rage
 m - 4 potions of curing
 n - 2 potions of flight
 o - 2 potions of brilliance
 u - a potion of invisibility {unknown}
Comestibles
 f - 6 rations


   Skills:
 * Level 6.3 Fighting
 * Level 4.8 Long Blades
 * Level 6.2 Armour
 + Level 2.4 Dodging
 - Level 5.0 Shields


You had 7 spell levels left.
You didn't know any spells.
Your spell library contained the following spells:

 Spells                   Type           Power        Failure   Level  Hunger
 Freeze                   Ice            #...         100%        1    ##.....
 Ozocubu's Armour         Chrm/Ice       #.......     100%        3    ####...
 Hailstorm                Conj/Ice       #.......     100%        4    #####..
 Summon Ice Beast         Ice/Summ       #.......     100%        4    #####..


Dungeon Overview and Level Annotations

Branches:
Dungeon (5/15)              Sewer (visited)
 Temple: D:4-7

Altars:

Annotations:
D:3 2 transporters, bmj180's ghost, weakling VSBe


Innate Abilities, Weirdness & Mutations

You are resistant to torment.
Your stone body is resilient. (AC +5)
You are immune to poison.
You resist negative energy. (rN+)
You are resistant to electric shocks. (rElec)
You can survive without breathing.
You are immune to petrification.
You are immune to rotting.


Message History

The ogre is lightly wounded.
The ogre hits you with a +0 giant spiked club.
You block the gnoll's attack.
You barely miss the ogre.
The ogre is lightly wounded.
You block the ogre's attack. The gnoll hits you but does no damage.
You slash the ogre!
The ogre is heavily wounded.
You block the ogre's attack. The gnoll barely misses you.
Your shield and plate armour prevent you from hitting the ogre.
The ogre is heavily wounded.
You are feeling hungry.
You block the gnoll's attack.
The ogre hits you with a +0 giant spiked club!
* * * LOW HITPOINT WARNING * * *
You slash the ogre!
The ogre is severely wounded.
You block the gnoll's attack.
The ogre hits you with a +0 giant spiked club.
You die... #.. .......... #.. ........# ##.. .......# #... ......# ##### ###.## ..... #...###.††## .gg

#.)###.....# ###O#
#..##....... #.)@##
#..###.....#
###.#..####...###...##
#$.......##(...##.###
#.#..###..#.........#
#...# ##...........#
#..# ##..........#
#..# ##....###### ..#
##...# .# ##..#


You could see an ogre and 2 gnolls.

Vanquished Creatures
  Edmund (D:4)
  2 ogres (D:5)
  A centaur (D:5)
  A big kobold (Sewer)
  A scorpion (D:4)
  3 vampire bats (D:5)
  A howler monkey (D:4)
  2 orc priests
  A worker ant (D:4)
  4 orc wizards
  5 gnolls
  A howler monkey skeleton (D:5)
  9 adders
  5 river rats
  6 oozes
  7 worms
  2 dart slugs (D:1)
  4 leopard geckos
  17 orcs
  10 bats
  3 giant cockroaches
  8 goblins
  6 hobgoblins
  6 jackals
  5 quokkas
  6 ball pythons
  6 frilled lizards
  7 kobolds
  A leopard gecko skeleton (D:4)
  11 rats
142 creatures vanquished.

Vanquished Creatures (others)
  5 plants (D:3)
5 creatures vanquished.

Grand Total: 147 creatures vanquished

Notes
Turn   | Place    | Note
-------+----------+-------------------------------------------
     0 | D:1      | Borgoz the Gargoyle Fighter began the quest for the Orb.
     0 | D:1      | Reached XP level 1. HP: 14/14 MP: 1/1
    73 | D:1      | Reached XP level 2. HP: 19/19 MP: 2/2
   350 | D:1      | Reached XP level 3. HP: 23/23 MP: 3/3
  1029 | D:2      | Reached XP level 4. HP: 24/29 MP: 4/4
  1255 | D:2      | Found a faded altar of an unknown god.
  1523 | D:3      | Reached XP level 5. HP: 4/33 MP: 5/5
  1541 | D:3      | Reached skill level 1 in Dodging
  1719 | D:3      | Found a glowing drain.
  1822 | D:3      | Reached XP level 6. HP: 13/39 MP: 6/6
  1863 | Sewer    | Entered a sewer
  2767 | Sewer    | Reached skill level 5 in Fighting
  2815 | D:3      | Found a transporter.
  2816 | D:3      | Found a transporter.
  2820 | D:3      | Noticed bmj180's ghost (weakling VSBe)
  3284 | D:4      | Reached skill level 5 in Armour
  3284 | D:4      | Reached XP level 7. HP: 38/44 MP: 7/7
  3468 | D:4      | Noticed Edmund
  3487 | D:4      | Killed Edmund
  4058 | D:5      | Entered Level 5 of the Dungeon
  4093 | D:5      | Reached XP level 8. HP: 49/51 MP: 8/8
  4465 | D:5      | Reached skill level 5 in Shields
  4588 | D:5      | Slain by an ogre

Levels and vault maps discovered:
D:1:      minmay_arrival_stair_chambers, layout_loops_ring
D:2:      layout_basic, chequers_ecumenical_altar_simple, first_ration
D:3:      layout_basic, gammafunk_ghost_gnarly_gnolls, portal_sewer_entry_c
D:4:      layout_loops_cross, uniq_edmund
D:5:      layout_basic, roderic_batcave, nemelex_spade_bored_becter,
          uniq_duvessa, uniq_menkaure

Skill      XL: |  1  2  3  4  5  6  7  8 |
---------------+-------------------------+-----
Long Blades    | 2 3 4 |  4.8
Fighting       | 4 5 6 |  6.3
Armour         | 4 5 6 |  6.2
Dodging        | 1 2 |  2.4
Shields        | 4 5 |  5.0

Action                   |  1- 3 |  4- 6 |  7- 9 || total
-------------------------+-------+-------+-------++-------
Melee: Long sword        |    94 |   480 |   220 ||   794
Throw: Throwing net      |       |       |     1 ||     1
  Use: Potion            |       |     5 |     1 ||     6
       Scroll            |       |     7 |       ||     7
 Stab: Held in net/web   |       |       |     1 ||     1
  Eat: Chunk             |     1 |     9 |     4 ||    14
Armor: Scale mail        |    41 |       |       ||    41
       Plate armour      |    36 |   320 |   191 ||   547
Dodge: Dodged            |    31 |    93 |    63 ||   187
Block: Shield            |    55 |   270 |   146 ||   471
       Rpst.: Long sword |     9 |    28 |    18 ||    55

Table legend:
 A = Non-vault XP
 B = Vault XP
 C = Vault XP percentage of total XP
 D = Non-vault monster count
 E = Vault monster count
 F = Vault count percentage of total count
                 A         B        C        D         E       F
            +---------+---------+-------+---------+---------+-------
      Total |    1074 |     617 |  36.5 |      98 |      44 |  31.0
            +---------+---------+-------+---------+---------+-------
        D:1 |      43 |       0 |   0.0 |      20 |       0 |   0.0
        D:2 |      64 |       0 |   0.0 |      15 |       0 |   0.0
        D:3 |     191 |      43 |  18.4 |      26 |       6 |  18.8
        D:4 |     387 |     157 |  28.9 |      29 |       1 |   3.3
        D:5 |     389 |     172 |  30.7 |       8 |       9 |  52.9
      Sewer |       0 |     245 | 100.0 |       0 |      28 | 100.0
            +---------+---------+-------+---------+---------+-------
